AoeStats
← 1Pac

Arabia

509066918Analyzed
2v2 RM · 7d ago on Sep 25, 2026· 39m 27s· 4 players
Game mode
Random Map
Map size
Medium (4 player)
Population
200
Speed
Normal
Resources
Standard
Victory
Conquest
Starting age
Dark Age
Ending age
Imperial Age
RankedLock teamsTeams togetherTeam positionsShared explorationLock speedFull tech treeHidden civsTurbo modeCheats
Victory
Defeat
🇹🇷 Inca · Türkiye
1136
+17
🇨🇳 Magyars · China
1117
+18
🇦🇺 Danes · Australia
1184
-18
🇦🇺 Romans · Australia
1137
-17
.BTB kral
0:27 Loom
11:41 Feudal Age
22:47 Castle Age
20:57 Gold Mining
22:00 Padded Archer Armor
21:51 Fletching
21:56 Double-Bit Axe
21:52 Horse Collar
23:36 Champi Runner
25:10 Champi Warrior
26:46 Scale Mail Armor
35:18 Imperial Age
38:34 Elite Champi Warrior
39:58 Chain Mail Armor
彭大帅
9:17 Feudal Age
8:24 Loom
14:05 Wheelbarrow
13:38 Horse Collar
21:11 Castle Age
19:24 Double-Bit Axe
20:59 Gold Mining
22:54 Bloodlines
22:44 Husbandry
23:12 Fletching
24:39 Padded Archer Armor
24:17 Light Cavalry
25:00 Bodkin Arrow
33:15 Imperial Age
31:13 Leather Archer Armor
33:22 Bow Saw
33:13 Heavy Plow
34:29 Bracer
35:02 Ring Archer Armor
34:57 Hand Cart
35:19 Crop Rotation
37:40 Scale Barding Armor
37:52 Heavy Cavalry Archer
39:59 Chain Barding Armor
40:08 Parthian Tactics
Moriarty
1:01 Loom
12:36 Feudal Age
16:15 Double-Bit Axe
19:32 Castle Age
17:38 Horse Collar
17:55 Gold Mining
19:53 Man-at-Arms
20:34 Squires
20:14 Crossbowman
21:29 Heavy Plow
25:00 Wheelbarrow
27:06 Padded Archer Armor
27:40 Fletching
28:59 Ballistics
29:16 Scale Mail Armor
28:38 Long Swordsman
29:57 Pikeman
30:51 Forging
30:55 Elite Skirmisher
33:09 Leather Archer Armor
35:01 Bodkin Arrow
36:20 Hand Cart
39:14 Imperial Age
37:00 Town Watch
1Pac
5:39 Loom
10:31 Feudal Age
13:46 Double-Bit Axe
15:40 Man-at-Arms
19:16 Castle Age
19:46 Long Swordsman
21:36 Gambesons
27:24 Town Watch
38:47 Imperial Age
36:27 Murder Holes
39:21 Bow Saw
39:28 Fletching
39:39 Padded Archer Armor
Connection lost

Rejoining the realm…

Still unreachable

The connection could not be restored.

Session expired

The server has moved on; the page needs a fresh start.